Match 41984042
Unlisted

Match 41984042
End
Panzergrenadier Squad
Panzergrenadier Squad
Selects Panzerjäger Kommand Battlegroup
Selects Blockade Equipment
Panzerpioneer Squad
Construct Light Support Kompanie
2.5-tonne Medical Truck
Fire Support Elements
MG34 Team
Veteran Squad Leaders
Assault Mechanized Group
Selects Defensive Positions
Construct Panzerarmee Kommand
Forward Retreat Point
Selects Butterfly Bomb Drop
Selects Tank Busters
Walking Stuka Rocket Launcher
Armored Reserves
Flak 36 Anti-tank Gun Team
Selects Crew Shock Tactics
Tiger Heavy Tank
Rapid Advance
Selects Anti-tank Overwatch
Tungsten Core Ammunition
Emergency Repair Kits
Construct Mechanized Kompanie
Anti-tank Overwatch
18-tonne Recovery Half-track
254 Reconnaissance Tractor
Vehicle Survival Package
Advanced Optics
Anti-tank Overwatch
Advanced Field Repairs
Combat Half-tracks
Flakvierling Half-track
Anti-tank Overwatch
Walking Stuka Rocket Launcher
Butterfly Bomb Drop
Anti-tank Overwatch
Flak 36 Anti-tank Gun Team
Panzerpioneer Squad
An 'orrible Cunt
Cpt.Bullshit
CrvenBan
SneaKerz
gb_gbg
Hyka-Haka
0
0

Comments sign in to comment!

No comments posted yet!